 Dungeon Crawl Stone Soup version 0.20-a0-899-g09a9bfb (webtiles) character file.

113 4thArraOfDagon the Insei (level 4, -13/36 HPs)
             Began as a Barachi Monk on Mar 18, 2017.
             Was a Follower of Okawaru.
             Mangled by an ogre
             ... wielding a +0 giant club
              (18 damage)
             ... on level 4 of the Dungeon.
             The game lasted 00:03:33 (681 turns).

4thArraOfDagon the Insei (Barachi Monk)              Turns: 681, Time: 00:03:33

Health: -13/36     AC:  9    Str: 12    XL:     4   Next: 96%
Magic:  1/4        EV: 16    Int: 12    God:    Okawaru [*.....]
Gold:   67         SH:  0    Dex: 14    Spells: 3/3 levels left

rFire    . . .     SeeInvis .     - Unarmed
rCold    . . .     Gourm    .   d - +0 scale mail
rNeg     . . .     Faith    .   (no shield)
rPois    .         Spirit   .   (no helmet)
rElec    .         Reflect  .   (no cloak)
rCorr    .         Harm     .   i - +1 pair of gloves
MR       .....                  (no boots)
Stlth    ++........             (no amulet)
Regen    0.2/turn               (no ring)
MPRegen  0.1/turn               c - +3 ring of evasion

@: heroism, slow
A: +LOS, swims, slowness 1, strong legs 1
a: Hop, Heroism, Renounce Religion


You were on level 4 of the Dungeon.
You worshipped Okawaru.
Okawaru was aware of your devotion.
You were not hungry.

You visited 1 branch of the dungeon, and saw 4 of its levels.

You collected 67 gold pieces.

Inventory:

Armour
 a - a +0 robe
 d - a +0 scale mail (worn)
 i - a +1 pair of gloves (worn)
Jewellery
 c - a +3 ring of evasion (left hand)
Potions
 f - 3 potions of curing
 g - a potion of resistance
 h - 2 potions of might
Comestibles
 b - 2 bread rations
 j - a meat ration
 k - a royal jelly


   Skills:
 + Level 3.6(8.6) Fighting
 + Level 3.3(8.3) Dodging
 - Level 1.7(6.7) Stealth
 * Level 5.9(10.9) Unarmed Combat
 + Level 0.1 Invocations


You had 3 spell levels left.
You didn't know any spells.

Dungeon Overview and Level Annotations

Branches:
Dungeon (4/15)
 Temple: D:4-7

Altars:
Okawaru

Shops:
D:4 *


Innate Abilities, Weirdness & Mutations

Shadows flee at your approach. (+LOS)
You can swim through water.
You cover ground slowly.
You can hop short distances.


Message History

A quokka comes into view.
Unknown command.
You gain the combat prowess of a mighty hero.
You hit the ogre.
The ogre is moderately wounded.
The ogre hits you with a giant club!
You barely miss the ogre.
The ogre is moderately wounded.
You punch the ogre!
The ogre is severely wounded.
The ogre hits you with a giant club!!
Ouch! That really hurt!
* * * LOW HITPOINT WARNING * * *
Unknown command.
Unknown command.
You completely miss the ogre.
The ogre is severely wounded.
The quokka misses you. The ogre hits you with a giant club!!
Ouch! That really hurt!
You die...

#.####.......##....#
..............#....#
#...####.##........#
.......#.##........#
#.##..........###### #.#
.#.#.########### #.#
.#.#.#.........# #.#
.#(#.#.##...†..#########
#.#
.#.#.#.##...@r..........
#.#
.#.#.#.###.##O..........
#.# .#.# #.#
#.##........... .#
#.#<#.# #.##...........
#.#%#.# #.##...........
#...#.# #.##...........
######.###.#
#.##...........
.........#.# ..
............
...#.#.#.#.#
.$...........


You could see an ogre and a quokka.

Vanquished Creatures
  A howler monkey (D:3)
  A worker ant (D:4)
  A hound skeleton (D:4)
  An adder (D:4)
  A worm (D:4)
  3 leopard geckos
  3 giant cockroaches
  3 goblins (D:2)
  3 hobgoblins
  A kobold (D:1)
  A quokka (D:4)
  5 rats
24 creatures vanquished.

Notes
Turn   | Place    | Note
-------+----------+-------------------------------------------
     0 | D:1      | 4thArraOfDagon the Barachi Monk began the quest for the Orb.
     0 | D:1      | Reached XP level 1. HP: 18/18 MP: 1/1
    79 | D:2      | Reached XP level 2. HP: 6/24 MP: 2/2
   132 | D:2      | Reached skill level 4 in Unarmed Combat
   342 | D:4      | Reached XP level 3. HP: 21/29 MP: 3/3
   426 | D:3      | Reached skill level 5 in Unarmed Combat
   426 | D:3      | Reached XP level 4. HP: 31/36 MP: 4/4
   508 | D:4      | Found Qaxin's General Store.
   562 | D:4      | Found an iron altar of Okawaru.
   570 | D:4      | Became a worshipper of Warmaster Okawaru
   570 | D:4      | Reached * piety under Okawaru
   570 | D:4      | Reached ** piety under Okawaru
   669 | D:4      | Noticed an ogre
   681 | D:4      | Mangled by an ogre

Vault maps used:
D:1:      erik_arrival_orb_chamber
D:2:      first_bread
D:4:      okawaru_trees_1, serial_shops, shop, gup_ossuary_entry_pyramid,
          cheibrodos_ashenzari_chains

Skill      XL: |  1  2  3 |
---------------+----------+-----
Unarmed Combat | 4 5 |  5.9
Fighting       | |  3.6
Dodging        | |  3.3
Stealth        | |  1.7
Invocations    | |  0.1

Action                   |  1- 3 |  4- 6 || total
-------------------------+-------+-------++-------
Melee: Unarmed           |    68 |    48 ||   116
       Punch             |     2 |       ||     2
Invok: Heroism           |       |     2 ||     2
  Use: Scroll            |       |     5 ||     5
       Potion            |       |     1 ||     1
 Stab: Sleeping          |     1 |       ||     1
Armor: Robe              |     6 |       ||     6
       Scale mail        |    10 |    10 ||    20
Dodge: Dodged            |    32 |    27 ||    59
